 Dungeon Crawl Stone Soup version 0.22.0-49-gab54619674 (webtiles) character file.

32 Freyura the Grave Robber (level 3, -1/25 HPs)
             Began as a Mummy Necromancer on Sept 7, 2018.
             Slain by an ice beast (5 damage)
             ... on level 2 of the Dungeon.
             The game lasted 00:07:14 (1431 turns).

Freyura the Grave Robber (Mummy Necromancer)        Turns: 1431, Time: 00:07:14

Health: -1/25      AC:  4    Str: 11    XL:     3   Next: 8%
Magic:  1/7        EV: 12    Int: 15    God:
Gold:   25         SH:  0    Dex: 12    Spells: 6/8 levels left

rFire    x . .     SeeInvis .   (no weapon)
rCold    + . .     Gourm    .   (no shield)
rNeg     + + +     Faith    .   a - +0 robe
rPois    ∞         Spirit   .   (no helmet)
rElec    .         Reflect  .   (no cloak)
rCorr    .         Harm     .   (no gloves)
MR       .....                  d - +1 pair of boots
Stlth    ++........             (no amulet)
HPRegen  0.08/turn              (no ring)
MPRegen  0.10/turn              (no ring)

@: no status effects
A: no food or potions, fire vulnerability, cold resistance 1, negative energy
resistance 3, torment resistance, unbreathing
a: no special abilities


You were on level 2 of the Dungeon.
You were not hungry.

You visited 1 branch of the dungeon, and saw 2 of its levels.

You collected 25 gold pieces.

Inventory:

Armour
 a - a +0 robe (worn)
 d - a +1 pair of boots (worn)
Scrolls
 b - a scroll of enchant armour {unknown}
 c - a scroll of amnesia {unknown}
 e - 3 scrolls of fog {unknown}
 f - a scroll of enchant weapon {unknown}
 g - a scroll of random uselessness {unknown}


   Skills:
 + Level 0.9 Fighting
 - Level 1.5 Dodging
 + Level 2.0 Stealth
 * Level 3.3 Spellcasting
 * Level 4.3 Necromancy


You had 6 spell levels left.
You knew the following spells:

 Your Spells              Type           Power        Failure   Level  Hunger
a - Pain                  Necr           ###.         3%          1    N/A
b - Animate Skeleton      Necr           N/A          3%          1    N/A

Your spell library contained the following spells:

 Spells                   Type           Power        Failure   Level  Hunger
 Vampiric Draining        Necr           ###.......   10%         3    N/A
 Animate Dead             Necr           N/A          32%         4    N/A
 Regeneration             Chrm/Necr      Unusable     N/A         3    N/A

Dungeon Overview and Level Annotations

Branches:
Dungeon (2/15)

Altars:


Innate Abilities, Weirdness & Mutations

You do not eat or drink.
Your flesh is vulnerable to fire.
You are immune to poison.
Your flesh is cold resistant. (rC+)
You are immune to negative energy. (rN+++)
You are immune to unholy pain and torment.
You can survive without breathing.


Message History

You hit the ice beast.
The ice beast is severely wounded.
The ice beast hits you but does no damage.
You closely miss the ice beast.
The ice beast is severely wounded.
The ice beast closely misses you.
You closely miss the ice beast.
The ice beast is severely wounded.
The ice beast closely misses you.
You barely miss the ice beast.
The ice beast is severely wounded.
The ice beast hits you. The ice beast freezes you. You resist.
* * * LOW HITPOINT WARNING * * *
You barely miss the ice beast.
The ice beast is severely wounded.
The ice beast closely misses you.
You hit the ice beast but do no damage.
The ice beast is heavily wounded.
The ice beast hits you.
You die...

#. #. #.
.####.###########.
...........Z>ZZ.'.
..###.###.#######.
#.###.###.#######.
#.................
#..##......†......
#@..#####.########
#Y#........##.....
###l#.#.###..##.####
#...........(##.#
#^......##(.....#
#.....Y<.....####
#....##.###.##
###...)........
#.....#.....###


You could see an ice beast and a leopard gecko.

Vanquished Creatures
  An adder (D:2)
  2 bats (D:1)
  6 hobgoblins
  3 jackals (D:1)
  3 kobolds (D:2)
  2 frilled lizards
  2 rats
19 creatures vanquished.

Vanquished Creatures (collateral kills)
  A hobgoblin (D:2)
  A bat (D:2)
  A rat (D:2)
3 creatures vanquished.

Grand Total: 22 creatures vanquished

Notes
Turn   | Place    | Note
-------+----------+-------------------------------------------
     0 | D:1      | Freyura the Mummy Necromancer began the quest for the Orb.
     0 | D:1      | Reached XP level 1. HP: 13/13 MP: 4/4
   577 | D:1      | Learned a level 1 spell: Animate Skeleton
   673 | D:1      | Reached XP level 2. HP: 20/20 MP: 4/6
  1379 | D:2      | Reached XP level 3. HP: 24/25 MP: 7/7
  1403 | D:2      | Noticed an ice beast
  1431 | D:2      | Slain by an ice beast

Skill      XL: |  1  2  3 |
---------------+----------+-----
Spellcasting   | 3 |  3.3
Stealth        | 2 |  2.0
Fighting       | |  0.9
Dodging        | |  1.5
Necromancy     | |  4.3

Action                   || total
-------------------------++-------
Melee: Unarmed           ||    24
 Cast: Pain              ||    36
       Animate Skeleton  ||     7
Armor: Robe              ||     6
Dodge: Dodged            ||    22
